 Dungeon Crawl Stone Soup version 0.23-a0-172-g8f65603 (webtiles) character file.

11016 snuffychallenge the Covert (level 11, -1/86 HPs)
             Began as a Vampire Enchanter on Sept 15, 2018.
             Was a Priest of Sif Muna.
             Slain by a yaktaur captain (21 damage)
             ... on level 11 of the Dungeon.
             The game lasted 00:52:02 (9599 turns).

snuffychallenge the Covert (Vampire Enchanter)      Turns: 9599, Time: 00:52:02

Health: -1/86      AC: 12    Str: 10    XL:     11   Next: 43%
Magic:  0/16       EV: 18    Int: 19    God:    Sif Muna [***...]
Gold:   543        SH:  0    Dex: 14    Spells: 2/17 levels left

rFire    . . .     SeeInvis +   w - +3 dagger (elec)
rCold    + + .     Gourm    .   (no shield)
rNeg     + + .     Faith    .   b - +1 robe
rPois    +         Spirit   .   e - +0 hat
rElec    .         Reflect  .   s - +0 cloak
rCorr    .         Harm     .   v - +0 pair of gloves
MR       +....                  r - +0 pair of boots
Stlth    +++++++...             d - amulet of the acrobat
HPRegen  0.62/turn              C - +6 ring of protection
MPRegen  0.15/turn              o - ring of protection from cold

@: regenerating, no casting
A: fangs 3, see invisible, unbreathing
a: Bat Form, Stop Divine Energy, Channel Magic, Renounce Religion


You were on level 11 of the Dungeon.
You worshipped Sif Muna.
Sif Muna was most pleased with you.
You were very thirsty.

You visited 1 branch of the dungeon, and saw 11 of its levels.
You also visited: Sewer and Ossuary.

You collected 659 gold pieces.
You spent 116 gold pieces at shops.

Inventory:

Hand Weapons
 w - a +3 dagger of electrocution (weapon)
   (You took it off an orc wizard on level 3 of the Dungeon)
Missiles
 y - 2 throwing nets (quivered) {!f}
Armour
 b - a +1 robe (worn)
 e - a +0 hat (worn)
   (You found it on level 10 of the Dungeon)
 r - a +0 pair of boots (worn)
   (You found it on level 5 of the Dungeon)
 s - a +0 cloak (worn)
   (You bought it in a shop on level 4 of the Dungeon)
 v - a +0 pair of gloves (worn)
   (You bought it in a shop on level 4 of the Dungeon)
Magical Staves
 x - an uncursed staff of fire {unknown}
   (You found it on level 5 of the Dungeon)
Jewellery
 d - an amulet of the acrobat (around neck)
   (You found it on level 5 of the Dungeon)
 o - a ring of protection from cold (right hand)
   (You found it on level 2 of the Dungeon)
 C - a +6 ring of protection (left hand)
   (You found it on level 3 of the Dungeon)
Wands
 c - a wand of disintegration (7)
   (You found it on level 9 of the Dungeon)
 u - a wand of paralysis (18)
   (You found it on level 6 of the Dungeon)
Scrolls
 a - a scroll of enchant armour
 f - 4 scrolls of teleportation {@r4}
 i - 3 scrolls of fog
 m - 2 scrolls of magic mapping
 n - a scroll of blinking
 p - 8 scrolls of remove curse {@r2}
 z - a scroll of random uselessness {unknown}
 B - a scroll of acquirement
 D - a scroll of fear {unknown}
 E - 3 scrolls of identify {@r1}
Potions
 g - a potion of haste {@q3}
 h - 4 potions of brilliance
 j - 2 potions of curing {@q1}
 k - 5 potions of flight
 l - a potion of might
 q - 42 potions of blood {@q0}
 t - 3 potions of heal wounds {@q2}
 A - a potion of agility
 F - 2 potions of mutation {unknown}


   Skills:
 + Level 8.1 Fighting
 - Level 1.8 Short Blades
 + Level 10.0 Dodging
 + Level 13.9 Stealth
 + Level 3.8 Spellcasting
 - Level 12.8 Hexes
 + Level 1.3 Charms
 + Level 1.3 Necromancy


You had 2 spell levels left.
You knew the following spells:

 Your Spells              Type           Power        Failure   Level  Hunger
a - Corona                Hex            ######.      1%          1    None
c - Confuse               Hex            ######..     1%          3    ###....
d - Tukima's Dance        Hex            ######..     1%          3    ###....
e - Regeneration          Chrm/Necr      #.........   24%         3    ###....
s - Dazzling Spray        Conj/Hex       ####..       3%          3    ###....
x - Ensorcelled Hibernat  Hex/Ice        ####..       1%          2    ##.....

Your spell library contained the following spells:

 Spells                   Type           Power        Failure   Level  Hunger
 Slow                     Hex            ######..     1%          2    ##.....
 Animate Skeleton         Necr           N/A          8%          1    None
 Pain                     Necr           #...         8%          1    None
 Sandblast                Erth           #.....       14%         1    None
 Passwall                 Tmut/Erth      #.......     22%         2    ##.....
 Cause Fear               Hex            ######....   1%          4    ####...
 Inner Flame              Hex/Fire       ####....     3%          3    ###....
 Portal Projectile        Hex/Tloc       ####..       3%          3    ###....
 Leda's Liquefaction      Hex/Erth       ####......   10%         4    ####...
 Vampiric Draining        Necr           #.........   24%         3    ###....
 Ignite Poison            Fire/Tmut/Pois #.......     38%         3    ###....
 Stone Arrow              Conj/Erth      #.....       38%         3    ###....
 Animate Dead             Necr           N/A          61%         4    ####...
 Petrify                  Tmut/Erth      #.......     80%         4    ####...
 Fireball                 Conj/Fire      #.........   98%         5    ######.
 Lee's Rapid Deconstruct  Erth           #.........   98%         5    ######.
 Bolt of Fire             Conj/Fire      #.........   100%        6    #######
 Ring of Flames           Chrm/Fire      #.........   100%        7    #######
 Ignition                 Fire           #.........   100%        8    #######


Dungeon Overview and Level Annotations

Branches:
Dungeon (11/15)            Temple (0/1) D:4            Lair (0/6) D:11
    Orc (0/2) D:10

Altars:
Gozag
Makhleb
Okawaru
Ru
Sif Muna
Uskayaw
Wu Jian
Xom

Shops:
D:4 [   D:5 %   D:10 (


Innate Abilities, Weirdness & Mutations

You heal slowly.
You have razor-sharp teeth.
You have supernaturally acute eyesight. (SInv)
You can survive without breathing.


Message History

Your Dodging skill increases to level 10!
There is an open door here.
The yaktaur captain is too close now for your liking.
There is an open door here.
There is an open door here.
You open the door.
There is an open door here.
The yaktaur captain shouts!
The yaktaur captain completely misses you.
You hit the yaktaur captain but do no damage.
Lightning courses through the yaktaur captain!
Aim: a yaktaur captain (moderately wounded, chance to defeat MR: 23%)
Okay, then.
Aim: a yaktaur captain (moderately wounded, chance to defeat MR: 38%)
Okay, then.
You don't know that spell.
Unknown command.
Aim: a yaktaur captain (moderately wounded, chance to defeat MR: 38%)
The yaktaur captain resists with some effort.
The yaktaur captain closely misses you.
Aim: a yaktaur captain (moderately wounded, chance to defeat MR: 38%)
The yaktaur captain resists with some effort.
The yaktaur captain hits you but does no damage.
Aim: a yaktaur captain (moderately wounded, chance to defeat MR: 38%)
The yaktaur captain resists with some effort.
The yaktaur captain closely misses you.
Aim: a yaktaur captain (moderately wounded, chance to defeat MR: 38%)
The yaktaur captain resists with some effort.
The yaktaur captain hits you!!
Aim: a yaktaur captain (lightly wounded, chance to defeat MR: 38%)
The yaktaur captain resists with some effort.
The yaktaur captain hits you!
Aim: a yaktaur captain (lightly wounded, chance to defeat MR: 38%)
Okay, then.
Unknown command.
You hit the yaktaur captain. The yaktaur captain barely misses you.
You barely miss the yaktaur captain. Your bite misses the yaktaur captain.
The yaktaur captain hits you but does no damage.
You hit the yaktaur captain. The yaktaur captain hits you.
* * * LOW HITPOINT WARNING * * *
Some of your 46 potions of blood {@q0} rot away.
Your skin crawls.
Sif Muna grants you divine energy.
You briefly lose access to your magic!
The yaktaur captain hits you!!
* * * LOW HITPOINT WARNING * * *
Yummy - fresh blood!
You are feeling very thirsty.
The yaktaur captain barely misses you.
You puncture the yaktaur captain! The yaktaur captain hits you!!
You die...

..............#
#######....#
###############
#.........##
#.#####.###
######### #.#
#...#...# #.#
+...'..)# #)#
#...#...# ##)##
##'###'## ##...##
#=@(#...###.....##
#.c.#.†.'........#
#|.)#...###.....##
######+## ##...##
##.## #.# #.# #.#
#.#


You could see a yaktaur captain.

Vanquished Creatures
  Harold (D:7)
  A two-headed ogre (D:8)
  An unseen horror (D:10)
  2 trolls
  A hornet (D:9)
  5 hippogriffs
  A shadow (D:11)
  A spriggan (D:7)
  9 yaks (D:10)
  3 hungry ghosts
  2 humans (D:9)
  A basilisk (D:11)
  A water moccasin (D:9)
  5 orc warriors
  An ice beast (D:10)
  A phantom (D:7)
  4 centaurs
  5 ogres
  A big kobold (Sewer)
  3 elf zombies (Ossuary)
  5 bullfrogs
  9 killer bees
  3 scorpions
  7 howler monkeys
  4 wights
  An electric eel (D:9)
  3 crimson imps
  3 centaur zombies
  A human zombie (Ossuary)
  6 orc priests
  A gnoll shaman (D:6)
  8 hounds
  5 orc wizards
  4 bullfrog skeletons
  3 iguanas
  A centaur skeleton (D:11)
  7 worker ants
  2 hound skeletons
  A worker ant zombie (D:7)
  3 mummies
  10 gnolls (D:6)
  9 adders
  2 river rats (Sewer)
  2 shadow imps
  An adder zombie (Ossuary)
  4 worms
  2 dart slugs (D:1)
  6 leopard geckos
  28 orcs
  A ball python (D:3)
  23 bats
  2 giant cockroaches (D:2)
  7 goblins
  7 hobgoblins
  11 jackals
  14 kobolds
  3 quokkas
  5 frilled lizards
  2 goblin zombies
  9 hobgoblin zombies (Ossuary)
  A jackal skeleton (D:5)
  2 jackal zombies (Ossuary)
  9 kobold zombies (Ossuary)
  A leopard gecko skeleton (D:5)
  A leopard gecko zombie (D:3)
  11 orc zombies
  A quokka skeleton (D:4)
  A quokka zombie (D:5)
  11 rats
  A rat zombie (Ossuary)
313 creatures vanquished.

Vanquished Creatures (collateral kills)
  A two-headed ogre (D:8)
  2 orcs
3 creatures vanquished.

Vanquished Creatures (others)
  A dancing weapon (D:8)
1 creature vanquished.

Grand Total: 317 creatures vanquished

Notes
Turn   | Place    | Note
-------+----------+-------------------------------------------
     0 | D:1      | snuffychallenge the Vampire Enchanter began the quest for
                  | the Orb.
     0 | D:1      | Reached XP level 1. HP: 13/13 MP: 3/3
   197 | D:1      | Reached XP level 2. HP: 20/20 MP: 5/5
   531 | D:1      | Learned a level 2 spell: Ensorcelled Hibernation
   912 | D:2      | Reached XP level 3. HP: 23/25 MP: 6/6
   921 | D:1      | Learned a level 3 spell: Tukima's Dance
   963 | D:2      | Reached skill level 1 in Fighting
   963 | D:2      | Reached skill level 5 in Stealth
  1126 | D:2      | Reached skill level 5 in Hexes
  1326 | D:2      | Reached XP level 4. HP: 32/32 MP: 7/7
  1708 | D:3      | You fall through a shaft for 3 floors!
  1834 | D:6      | Found a sand-covered staircase.
  1876 | Ossuary  | Entered an ossuary
  2167 | Ossuary  | Reached XP level 5. HP: 38/38 MP: 8/8
  2189 | Ossuary  | Reached skill level 6 in Stealth
  2330 | Ossuary  | Reached XP level 6. HP: 20/46 MP: 9/9
  2362 | Ossuary  | Learned a level 3 spell: Confuse
  2927 | D:5      | Entered Level 5 of the Dungeon
  2932 | D:5      | Reached skill level 7 in Stealth
  2934 | D:5      | Found Imuliq's Food Shop.
  2992 | D:5      | Reached XP level 7. HP: 40/52 MP: 2/10
  3118 | D:5      | Found a deep blue altar of Sif Muna.
  3125 | D:5      | Became a worshipper of Sif Muna the Loreminder
  3295 | D:4      | Found a glowing drain.
  3309 | Sewer    | Entered a sewer
  3446 | Sewer    | Reached skill level 5 in Dodging
  3629 | Sewer    | Found a white marble altar of Elyvilon.
  3786 | D:4      | Found a sacrificial altar of Ru.
  3787 | D:4      | Found a burning altar of Makhleb.
  3818 | D:4      | Reached skill level 8 in Stealth
  3898 | D:4      | Found Dusenoe's Armour Emporium.
  3909 | D:4      | Bought a +0 cloak for 58 gold pieces
  3909 | D:4      | Bought a +0 pair of gloves for 58 gold pieces
  3922 | D:4      | Found a shimmering altar of Xom.
  4034 | D:4      | Found a staircase to the Ecumenical Temple.
  4377 | D:3      | Reached XP level 8. HP: 60/60 MP: 8/11
  4389 | D:3      | HP: 2/60 [killer bee (10)]
  4775 | D:3      | Reached * piety under Sif Muna
  5190 | D:5      | Reached skill level 9 in Stealth
  5270 | D:5      | Found a hide-covered altar of Uskayaw.
  6234 | D:7      | Found an ornate altar of the Wu Jian Council.
  6380 | D:7      | Reached skill level 5 in Fighting
  6452 | D:7      | Reached skill level 10 in Stealth
  6470 | D:7      | Reached XP level 9. HP: 68/68 MP: 3/12
  6596 | D:7      | Reached ** piety under Sif Muna
  6614 | D:7      | Noticed Harold
  6670 | D:7      | Killed Harold
  6670 | D:7      | Reached skill level 11 in Stealth
  6670 | D:7      | Reached skill level 10 in Hexes
  6793 | D:8      | Noticed a two-headed ogre
  6973 | D:8      | Learned a level 3 spell: Dazzling Spray
  6983 | D:8      | Killed a two-headed ogre
  6983 | D:8      | Reached XP level 10. HP: 76/77 MP: 13/13
  7227 | D:8      | Reached skill level 12 in Stealth
  7424 | D:8      | Noticed a two-headed ogre
  7436 | D:8      | Killed a two-headed ogre
  7789 | D:9      | Found an opulent altar of Gozag.
  7964 | D:9      | Reached skill level 13 in Stealth
  8063 | D:9      | Found an iron altar of Okawaru.
  8160 | D:9      | Reached *** piety under Sif Muna
  8200 | D:9      | Identified a scroll of acquirement
  8300 | D:10     | Entered Level 10 of the Dungeon
  8369 | D:10     | Found Qenig's Antique Weapon Shop.
  8559 | D:10     | Reached XP level 11. HP: 85/85 MP: 12/15
  8803 | D:10     | Noticed an unseen horror
  8836 | D:10     | Killed an unseen horror
  8857 | D:10     | Learned a level 3 spell: Regeneration
  8918 | D:10     | Found a staircase to the Orcish Mines.
  9230 | D:11     | Found a staircase to the Lair.
  9511 | D:11     | Reached skill level 1 in Charms
  9556 | D:11     | Noticed a yaktaur captain
  9559 | D:11     | Reached skill level 1 in Necromancy
  9577 | D:11     | Reached skill level 10 in Dodging
  9599 | D:11     | Slain by a yaktaur captain

Vault maps used:
D:1:      ncdulo_lavacross
D:3:      kennysheep_six_static_rooms, first_ration
D:4:      kennysheep_mini, gammafunk_temple_overflow_statue, temple_hall,
          cheibrodos_sewer_entry_bend, serial_shops, shop
D:5:      lemuel_blue_sif_altar, nicolae_overflow_crystal_walls, serial_shops,
          shop
D:6:      nicolae_ossuary_entry_giza
D:7:      lemuel_crystal_altar, the_bakery, uniq_harold
D:9:      grunt_gozag_statues, okawaru_humans, nrook_pool_corridor,
          roderic_batcave
D:10:     orc_0_dummy, serial_glass, glass_columns_a, glass_columns_c,
          serial_shops, shop_statue
D:11:     lair_entry_dummy, minmay_evil_grid
Sewer:    sewer_kobolds
Ossuary:  ossuary_tomb_1

Skill      XL: |  1  2  3  4  5  6  7  8  9 10 11 |
---------------+----------------------------------+-----
Fighting       | 1 2 3 4 5 6 7 8 |  8.1
Stealth        | 5 6 7 8 10 11 13 | 13.9
Hexes          | 5 6 7 9 11 12 | 12.8
Dodging        | 3 4 5 6 8 9 10 | 10.0
Spellcasting   | 3 |  3.8
Charms         | 1 |  1.3
Necromancy     | 1 |  1.3
Short Blades   | |  1.8

Action                   |  1- 3 |  4- 6 |  7- 9 | 10-12 || total
-------------------------+-------+-------+-------+-------++-------
Melee: Dagger            |    95 |   241 |   276 |   262 ||   874
       Bite              |     7 |    14 |    13 |    19 ||    53
Throw: Throwing net      |       |       |     1 |       ||     1
 Cast: Ensorcelled Hiber |     9 |    15 |    43 |    58 ||   125
       Confuse           |       |     7 |    19 |    17 ||    43
       Tukima's Dance    |       |       |     9 |     4 ||    13
       Regeneration      |       |       |       |     1 ||     1
Invok: Divine Energy     |       |       |     1 |       ||     1
 Abil: End Transformatio |       |     1 |       |       ||     1
       Bat Form          |       |     1 |       |       ||     1
  Use: Potion            |    10 |     2 |     7 |     1 ||    20
       Scroll            |       |     9 |     6 |     6 ||    21
 Stab: Sleeping          |    13 |     8 |    53 |    47 ||   121
       Confused          |       |     2 |     5 |     7 ||    14
       Distracted        |       |       |     2 |     3 ||     5
       Held in net/web   |       |       |     1 |       ||     1
Armor: Robe              |    17 |    36 |    62 |    62 ||   177
Dodge: Dodged            |    72 |   129 |   221 |   222 ||   644

Table legend:
 A = Non-vault XP
 B = Vault XP
 C = Vault XP percentage of total XP
 D = Non-vault monster count
 E = Vault monster count
 F = Vault count percentage of total count
                 A         B        C        D         E       F
            +---------+---------+-------+---------+---------+-------
      Total |   12869 |    2869 |  18.2 |     240 |      76 |  24.1
            +---------+---------+-------+---------+---------+-------
        D:1 |      30 |       0 |   0.0 |      15 |       0 |   0.0
        D:2 |      80 |       0 |   0.0 |      30 |       0 |   0.0
        D:3 |     402 |       8 |   2.0 |      35 |       6 |  14.6
        D:4 |     370 |       5 |   1.3 |      13 |       1 |   7.1
        D:5 |     458 |       0 |   0.0 |      19 |       0 |   0.0
        D:6 |     310 |      20 |   6.1 |      16 |       3 |  15.8
        D:7 |    1269 |    1198 |  48.6 |      27 |       2 |   6.9
        D:8 |    2962 |       0 |   0.0 |      22 |       0 |   0.0
        D:9 |    1867 |     400 |  17.6 |      21 |      11 |  34.4
       D:10 |    4205 |       0 |   0.0 |      30 |       0 |   0.0
       D:11 |     916 |     697 |  43.2 |      12 |       3 |  20.0
      Sewer |       0 |     132 | 100.0 |       0 |      11 | 100.0
    Ossuary |       0 |     409 | 100.0 |       0 |      39 | 100.0
            +---------+---------+-------+---------+---------+-------
